 Dungeon Crawl Stone Soup version 0.14.0-18-g0341e45 (webtiles) character file.

510 HungrySpirit the Chopper (level 6, -2/50 HPs)
             Began as a Minotaur Gladiator on Apr 19, 2014.
             Slain by a gnoll
             ... wielding a +0,+0 whip
              (9 damage)
             ... while paralysed by a potion of paralysis
             ... on Level 3 of the Dungeon.
             The game lasted 00:04:53 (3182 turns).

HungrySpirit the Chopper (Minotaur Gladiator)       Turns: 3182, Time: 00:04:54

HP  -2/50        AC  8     Str 22      XL: 6   Next: 61%
MP   3/3         EV  2     Int  5      God:
Gold 92          SH  0     Dex 10      Spells:  0 memorised,  5 levels left

rFire  . . .     SeeInvis .     o - +0 war axe
rCold  + . .     Clarity  .     v - +1 ring mail {rC+}
rNeg   . . .     Conserve .     (no shield)
rPois  .         rCorr    .     c - +0 hat
rElec  .         rRot     .     i - +0 cloak
SustAb . .       Spirit   .     (no gloves)
rMut   .         Warding  .     (no boots)
Saprov . . .     Stasis   .     (no amulet)
MR     .....                    (no ring)
                                (no ring)

@: paralysed, lethally poisoned, glowing, not resistant to hostile enchantments,
extremely unstealthy
A: retaliatory headbutt, horns 2
a: no special abilities


You were on level 3 of the Dungeon.
You were not hungry.

You visited 1 branch of the dungeon, and saw 3 of its levels.

You collected 92 gold pieces.

Inventory:

Hand weapons
 a - a +0,+0 war axe
 o - a +0,+0 war axe (weapon)
Missiles
 d - 3 throwing nets (quivered)
Armour
 c - a +0 hat (worn)
 i - a +0 cloak (worn)
 v - a +1 ring mail of cold resistance (worn)
Comestibles
 f - 2 bread rations
 g - a choko
 s - an apple
Scrolls
 e - a scroll of enchant armour {unknown}
 j - a scroll of immolation {unknown}
 l - a scroll of recharging {unknown}
 n - a scroll of random uselessness {unknown}
 q - a scroll of identify {unknown}
 u - a scroll of magic mapping {unknown}
Jewellery
 t - an uncursed ring of poison resistance {unknown}
Potions
 h - a potion of beneficial mutation {unknown}
 k - a potion of curing
 m - a potion of mutation {unknown}
 r - a potion of poison


   Skills:
 - Level 2.4 Fighting
 * Level 7.6 Axes
 - Level 2.0 Throwing
 + Level 4.6 Armour
 - Level 3.2 Dodging


You had 5 spell levels left.
You didn't know any spells.

Dungeon Overview and Level Annotations

Branches:
Dungeon (3/15)

Altars:
Nemelex Xobeh
Yredelemnul

Annotations:
D:3 inmateoo's ghost, average GrMo


Innate Abilities, Weirdness & Mutations

You reflexively headbutt those who attack you in melee.
You have a pair of horns on your head.


Message History

The gnoll is lightly wounded.
The gnoll barely misses you.
The gnoll shaman calls upon its god to speed up something.
Drink which item? (? for menu, Esc to quit)
That liquid tasted very nasty...
You are lethally poisoned!
It was a potion of poison.
* * * LOW HITPOINT WARNING * * *
You feel sick. The gnoll barely misses you. The gnoll hits you with a whip.
* * * LOW HITPOINT WARNING * * *
The gnoll shaman calls upon its god to speed up the gnoll.
The gnoll seems to speed up.
The gnoll closely misses you.
Drink which item? (? for menu, Esc to quit)
You suddenly lose the ability to move!
It was a potion of paralysis.
* * * LOW HITPOINT WARNING * * *
You feel sick.
The gnoll hits you from afar with a spear.
* * * LOW HITPOINT WARNING * * *
The gnoll hits you with a whip!
You die...

..................
≈≈≈≈≈≈....%≈≈≈≈≈≈≈≈
≈≈≈≈≈%....≈≈≈≈≈≈≈≈≈
≈≈≈≈≈≈....≈≈≈≈≈≈≈≈≈
...........[[.....
######''''#########
.....#....#.......#
.....#....#)......#
.....))...'%)...@g#
#################g#
#..g.$)g#
.....g..)#
........# #........
########. .. ##


You could see 3 gnolls.

Vanquished Creatures
  2 gnoll shamans (D:3)
  A worker ant (D:3)
  Terence (D:2)
  5 adders (D:2)
  18 gnolls
  An inept item mimic (D:2)
  A worm (D:2)
  2 orcs (D:3)
  2 giant cockroaches
  6 goblins
  9 hobgoblins
  12 jackals
  A ball python (D:1)
  4 bats (D:1)
  4 giant geckos
  A giant newt (D:3)
  9 kobolds
  A quokka (D:2)
  8 rats
  A ballistomycete (D:3)
89 creatures vanquished.

Vanquished Creatures (others)
  A giant spore (D:3)
1 creature vanquished.

Grand Total: 90 creatures vanquished

Notes
Turn   | Place    | Note
--------------------------------------------------------------
     0 | D:1      | HungrySpirit, the Minotaur Gladiator, began the quest for the Orb.
     0 | D:1      | Reached XP level 1. HP: 18/18 MP: 1/1
   118 | D:1      | Reached skill level 4 in Axes
   135 | D:1      | Reached XP level 2. HP: 23/25 MP: 1/1
   308 | D:1      | Reached skill level 1 in Armour
   694 | D:1      | Reached XP level 3. HP: 30/30 MP: 2/2
   930 | D:2      | Reached skill level 5 in Axes
   938 | D:2      | Found a basalt altar of Yredelemnul.
   984 | D:2      | Reached XP level 4. HP: 37/37 MP: 2/2
  1109 | D:2      | Noticed Terence
  1122 | D:2      | Killed Terence
  1334 | D:2      | Reached skill level 6 in Axes
  1334 | D:2      | Reached XP level 5. HP: 11/42 MP: 2/2
  2369 | D:3      | Noticed inmateoo's ghost (average GrMo)
  2512 | D:3      | Found a sparkling altar of Nemelex Xobeh.
  2636 | D:3      | Reached XP level 6. HP: 28/50 MP: 3/3
  2662 | D:3      | Reached skill level 7 in Axes
  3182 | D:3      | Paralysed by a potion of paralysis for 2 turns
  3182 | D:3      | Slain by a gnoll

Action                   |  1- 3 |  4- 6 || total
-------------------------+-------+-------++-------
Melee: War axe           |    57 |   150 ||   207
  Use: Potion            |       |     4 ||     4
